 Dungeon Crawl Stone Soup version 0.32-a0-818-gb728d0252e (webtiles) character file.

Game seed: 16536765338475340448

3423 wilfster70 the Conjurer (level 9, -9/75 HPs)
             Began as a White Draconian Conjurer on Mar 24, 2024.
             Was a Follower of Vehumet.
             Mangled by a sixfirhy (12 damage)
             ... summoned by a kobold demonologist
             ... on level 9 of the Dungeon.
             The game lasted 00:22:54 (7932 turns).

wilfster70 the Conjurer (White Draconian Conjurer)  Turns: 7932, Time: 00:22:55

Health: -9/75      AC: 11    Str: 12    XL:     9   Next: 76%
Magic:  16/17      EV: 11    Int: 23    God:    Vehumet [*.....]
Gold:   370        SH:  0    Dex: 10    Spells: 13/19 levels left

rFire   + . .        a - +4 falchion "Loqitub" {elec, rF+ Str+3}
rCold   + . .        (no shield)
rNeg    + . .        (body armour unavailable)
rPois   .            o - +2 hat
rElec   .            A - +0 cloak
rCorr   .            (no gloves)
SInv    .            f - +0 pair of boots
Will    .....        (no amulet)
Stlth   ++           w - ring of positive energy
HPRegen 0.32/turn    (no ring)
MPRegen 0.15/turn

%: no passive effects
@: no status effects
A: glacial breath, AC +7, unfitting armour, cold resistance 1, cold-blooded
a: Glacial Breath, Renounce Religion


You were on level 9 of the Dungeon.
You worshipped Vehumet.
Vehumet was aware of your devotion.
You visited 1 branch of the dungeon, and saw 9 of its levels.

You collected 439 gold pieces.
You spent 69 gold pieces at shops.

Inventory:

Hand Weapons
 a - the +4 falchion "Loqitub" (weapon) {elec, rF+ Str+3}
   (You found it on level 3 of the Dungeon)

   Str+3:     It affects your strength (+3).
   rF+:       It protects you from fire.
 b - the +1 sling of the Equinox {drain, rF+ Str+3 Int+5}
   (You found it on level 6 of the Dungeon)

   Str+3:     It affects your strength (+3).
   Int+5:     It affects your intelligence (+5).
   rF+:       It protects you from fire.
Armour
 f - a +0 pair of boots (worn)
 o - a +2 hat (worn)
 A - a +0 cloak (worn)
Magical Staves
 i - a staff of cold
 t - a staff of alchemy
Jewellery
 w - a ring of positive energy (left hand)
 z - an amulet of guardian spirit
Wands
 p - a wand of flame (19)
 s - a wand of quicksilver (24)
Scrolls
 d - a scroll of fear {unknown}
 e - a scroll of enchant weapon
 g - a scroll of butterflies {unknown}
 y - a scroll of poison
Potions
 c - a potion of magic
 h - 4 potions of heal wounds
 k - a potion of berserk rage
 l - 5 potions of curing
 n - 3 potions of haste
 B - a potion of lignification {unknown}
 C - a potion of brilliance


   Skills:
 - Level 6.0 Fighting
 - Level 6.0 Staves
 - Level 1.7 Dodging
 - Level 1.7 Stealth
 + Level 5.6 Spellcasting
 - Level 6.0 Conjurations
 + Level 4.0 Summonings
 - Level 6.0 Ice Magic
 + Level 4.0 Air Magic
 - Level 2.5 Evocations


You had 13 spell levels left.
You knew the following spells:

 Your Spells              Type           Power      Damage    Failure   Level
b - Searing Ray           Conj           68%        2d6       1%          2
c - Summon Lightning Spi  Summ/Air       25%        N/A       17%         4

Your spell library contained the following spells:

 Spells                   Type           Power      Damage    Failure   Level
 Freeze                   Ice            100%       1d10      1%          1
 Magic Dart               Conj           100%       1d8       1%          1
 Summon Small Mammal      Summ           100%       N/A       1%          1
 Static Discharge         Conj/Air       58%        3-6/arc   1%          2
 Foxfire                  Conj/Fire      80%        2x1d8     2%          1
 Sting                    Conj/Alch      80%        1d8       2%          1
 Cigotuvi's Dreadful Rot  Necr/Alch/Air  24%        N/A       8%          2
 Apportation              Tloc           12%        N/A       9%          1
 Necrotise                Necr           24%        1d5       9%          1
 Airstrike                Air            12%        2d(2-18)  17%         4
 Gell's Gravitas          Tloc           6%         N/A       26%         3
 Teleport Other           Tloc           6%         N/A       26%         3
 Fulminant Prism          Conj/Alch      10%        3d8       26%         4
 Iskenderun's Mystic Bla  Conj/Tloc      20%        2d6       26%         4
 Martyr's Knell           Necr/Summ      15%        N/A       36%         4
 Dispel Undead            Necr           6%         3d8       65%         4
 Plasma Beam              Fire/Air       7%         2x1d18    99%         6
 Starburst                Conj/Fire      10%        6d5       99%         6
 Dispersal                Tloc           3%         N/A       100%        6


Dungeon Overview and Level Annotations

Branches:
Dungeon (9/15)             Temple (0/1) D:7
   Lair: D:8-11         Orc: D:9-12

Altars:
Dithmenos
Vehumet
Xom

Shops:
D:6 **

Annotations:
D:2 exclusion: downstairs
D:8 Amaemon


Innate Abilities, Weirdness & Mutations

You can breathe waves of cold which freeze foes solid.
Your icy white scales are hard. (AC +7)
You cannot fit into any form of body armour.
Your flesh is cold resistant. (rC+)
You are cold-blooded and may be slowed by cold attacks.


Message History

* * * LOW HITPOINT WARNING * * *
The scorpion barely misses you.
Your Summonings skill increases to level 4!
Your Air Magic skill increases to level 4!
Amaemon mumbles some strange words.
The scorpion attacks as it pursues you!
The scorpion stings you but does no damage.
Found a stone.
There is a stone staircase leading down here.
The scorpion closely misses you.
You climb downwards.
The orc priest shouts!
The orc shouts!
The orc priest shouts!
The kobold demonologist shouts!
You hear a bellow!
There is a stone staircase leading up here.
The orc warrior shouts!
The kobold demonologist casts a spell.
The orc priest miscasts a cantrip.
The orc priest invokes the aid of Beogh against you.
Beogh smites you!
* * * LOW HITPOINT WARNING * * *
The kobold demonologist mumbles some strange words.
The kobold demonologist gestures wildly while chanting.
The kobold demonologist casts a spell.
A howler monkey comes into view.
The crimson imp blinks!
An orc comes into view. It is wielding a +0 club.
The orc shouts!
The crimson imp blinks!
An orc comes into view. It is wielding a +0 dagger.
The orc shouts!
An orc priest comes into view. It is wielding a +0 mace.
The crimson imp blinks!
The crimson imp blinks!
The sixfirhy barely misses you.
You barely miss the crimson imp.
The howler monkey howls!
The sixfirhy hits you!
* * * LOW HITPOINT WARNING * * *
The sixfirhy shocks you!
You die...

#.# #o# ...
#.# #.# #.#
##########o#
...........#
.h....5@.#.#
.......3...#
##...#.#5#.#
#.. #.#.#.#
#. #.#K#.#
.. #.#.#.# .
#.#5#.#
#.#.#.#
#.#.#


You could see a kobold demonologist, a sixfirhy (summoned), a howler monkey, 2
crimson imps, a shadow imp (summoned) and an orc.

Vanquished Creatures
  Prince Ribbit (D:7)
  A steam dragon (D:7)
  An acid dragon (D:6)
  4 water moccasins
  An orc warrior (D:7)
  2 ice beasts (D:7)
  A sky beast (D:7)
  Pargi (D:3)
  3 black bears
  A wolf (D:8)
  2 centaurs
  2 ogres
  A phantom (D:5)
  2 kobold brigands
  A gnoll sergeant (D:7)
  4 scorpions
  A howler monkey (D:7)
  5 jellies
  4 hounds
  2 bombardier beetles
  2 orc priests (D:8)
  A gnoll bouda (D:5)
  Terence (D:3)
  2 iguanas (D:4)
  3 sleepcaps (D:5)
  7 gnolls
  11 adders
  3 white imps (D:7)
  4 ufetubi
  A dart slug (D:1)
  A ribbon worm (D:4)
  5 orcs
  4 ball pythons
  10 endoplasms
  3 giant cockroaches
  15 goblins
  5 hobgoblins
  16 kobolds
  5 quokkas
  6 bats
  A frilled lizard (D:1)
  4 rats
150 creatures vanquished.

Notes
Turn   | Place    | Note
-------+----------+-------------------------------------------
     0 | D:1      | wilfster70 the Draconian Conjurer began the quest for the
                  | Orb.
     0 | D:1      | Reached XP level 1. HP: 14/14 MP: 3/3
   162 | D:1      | Reached XP level 2. HP: 18/20 MP: 0/5
   244 | D:1      | Learned a level 2 spell: Searing Ray
   532 | D:1      | Reached XP level 3. HP: 19/26 MP: 1/6
  1158 | D:2      | Reached skill level 5 in Conjurations
  1285 | D:2      | Reached XP level 4. HP: 33/33 MP: 2/8
  1767 | D:3      | Noticed Pargi
  1818 | D:3      | Noticed Terence
  1831 | D:3      | Killed Terence
  1951 | D:3      | Identified the +4 falchion "Loqitub" {elec, rF+ Str+3}
  2091 | D:3      | Killed Pargi
  2092 | D:3      | Reached XP level 5. HP: 32/38 MP: 0/10
  2287 | D:3      | Reached skill level 1 in Fighting
  2369 | D:3      | Noticed an ogre
  2390 | D:3      | Reached XP level 6. HP: 47/47 MP: 7/12
  2540 | D:3      | Found a shadowy altar of Dithmenos.
  3392 | D:4      | Your scales start taking on an icy white colour.
  3392 | D:4      | Reached XP level 7. HP: 53/60 MP: 8/13
  3392 | D:4      | Gained mutation: Your flesh is cold resistant. (rC+) [White
                  | Draconian growth]
  3619 | D:5      | Entered Level 5 of the Dungeon
  3619 | D:5      | Found a shimmering altar of Xom.
  3644 | D:4      | Reached skill level 5 in Fighting
  3907 | D:5      | Reached skill level 1 in Staves
  3907 | D:5      | Reached skill level 1 in Ice Magic
  4088 | D:5      | Reached XP level 8. HP: 31/70 MP: 4/14
  4320 | D:5      | Found a radiant altar of Vehumet.
  4328 | D:5      | Became a worshipper of Vehumet
  4595 | D:5      | Reached skill level 5 in Ice Magic
  5092 | D:6      | Identified the +1 sling of the Equinox {drain, rF+ Str+3
                  | Int+5}
  5153 | D:6      | Found Oliuso's General Store.
  5178 | D:6      | Reached skill level 5 in Staves
  5564 | D:6      | Found Temeeru's Assorted Antiques.
  5567 | D:6      | Bought a scroll labelled ROXTIJODO for 23 gold pieces
  5567 | D:6      | Bought a scroll labelled RAYNUROETT for 23 gold pieces
  5567 | D:6      | Bought a scroll labelled WENWOE UCKAU for 23 gold pieces
  5586 | D:5      | Reached skill level 1 in Evocations
  6117 | D:6      | Reached XP level 9. HP: 50/75 MP: 6/15
  6122 | D:6      | Learned a level 4 spell: Summon Lightning Spire
  6284 | D:6      | Reached * piety under Vehumet
  6284 | D:6      | Offered knowledge of Freeze by Vehumet.
  6415 | D:7      | Reached skill level 1 in Summonings
  6415 | D:7      | Reached skill level 1 in Air Magic
  6768 | D:7      | Found a staircase to the Ecumenical Temple.
  7084 | D:7      | Noticed Prince Ribbit
  7097 | D:7      | Killed Prince Ribbit
  7436 | D:7      | Reached skill level 5 in Spellcasting
  7881 | D:8      | Noticed a polar bear
  7901 | D:8      | Noticed Amaemon
  7901 | D:8      | Noticed an orange demon
  7914 | D:9      | Noticed a kobold demonologist
  7931 | D:9      | Noticed a sixfirhy
  7932 | D:9      | HP: 3/75 [sixfirhy[a kobold demonologist] (8)]
  7932 | D:9      | Mangled by a sixfirhy

Illustrated notes

Levels and vault maps discovered:
D:1:      eino_arrival_druids_welcome, layout_rooms
D:2:      cheibrodos_old_hovel, layout_basic, kennysheep_generic_room_12
D:3:      layout_basic, grunt_dithmenos_smoke, minmay_misc_feat_iff,
          minmay_ogre_servants, uniq_terence, uniq_pargi
D:4:      layout_loops_corners
D:5:      layout_basic, amcnicky_altar_gilded, overflow_temple_1_default
D:6:      layout_loops_ring, serial_shops, shop, shop, grunt_decor_cap
D:7:      layout_gridville, minmay_temple_entry_wispy, grunt_ministairs_11,
          uniq_prince_ribbit1
D:8:      layout_rooms, mainiacjoe_overflow_alcove_1, grunt_gozag_statues,
          serial_ice, serial_ice_l, serial_ice_o, serial_ice_n, serial_ice_a,
          serial_ice_e, serial_ice_d, serial_ice_m, serial_ice_b, serial_ice_g,
          serial_ice_h, uniq_amaemon
D:9:      kennysheep_housing_project, layout_basic, lemuel_tele_altar,
          kennysheep_generic_room_15

Skill      XL: |  1  2  3  4  5  6  7  8  9 |
---------------+----------------------------+-----
Conjurations   | 5 6 |  6.0
Spellcasting   | 3 4 5 |  5.6
Fighting       | 1 4 6 |  6.0
Staves         | 2 6 |  6.0
Ice Magic      | 3 6 |  6.0
Evocations     | 2 |  2.5
Summonings     | 4 |  4.0
Air Magic      | 4 |  4.0
Dodging        | |  1.7
Stealth        | |  1.7

Action                     |  1- 3 |  4- 6 |  7- 9 || total
---------------------------+-------+-------+-------++-------
  Melee: Unarmed           |     5 |       |       ||     5
         Tailslap          |     1 |     2 |    17 ||    20
         Staff             |    15 |     2 |    10 ||    27
         Falchion          |       |    65 |    99 ||   164
   Fire: Sling             |       |       |    54 ||    54
   Cast: Magic Dart        |    54 |    11 |       ||    65
         Searing Ray       |     6 |    15 |    69 ||    90
Ability: Glacial Breath    |       |       |     6 ||     6
    Use: Scroll            |       |       |    18 ||    18
         Potion            |       |       |     1 ||     1
   Stab: Sleeping          |       |     3 |       ||     3
         Distracted        |       |     1 |       ||     1
 Armour: Skin              |    21 |    54 |   282 ||   357
  Dodge: Dodged            |    21 |    62 |   216 ||   299

Table legend: (Time is in decaauts)
 A = Elapsed time spent in this place.
 B = Non-inter-level travel time spent in this place.
 C = Inter-level travel time spent in this place.
 D = Time resting spent in this place.
 E = Time spent auto-exploring this place.
 F = Levels seen in this place.
 G = Mean time per level.
                   A        B        C        D        E       F      G
               +--------+--------+--------+--------+--------+-----+--------+
         Total |   8020 |   7723 |    297 |   1880 |   3191 |   9 |  891.1 |
       Dungeon |   8020 |   7723 |    297 |   1880 |   3191 |   9 |  891.1 |
               +--------+--------+--------+--------+--------+-----+--------+

Top non-repeatable levels by time:
     D:5: 1474 daAuts
     D:7: 1374 daAuts
     D:6: 1166 daAuts
     D:2: 1045 daAuts
     D:4: 994 daAuts
     D:3: 954 daAuts
     D:1: 835 daAuts
     D:8: 156 daAuts
     D:9: 17 daAuts
